Cogmind - Beta 15 @@@ ROGUE MODE // 2025.06.08 @ 23:38:50 Player: Zaros426 Result: Destroyed by S-27 Virus with Autogun Performance ------------- Evolutions (4) 2000 Regions Visited (7) 1400 Robots Destroyed (164) 820 Value Destroyed (4584) 4584 Prototype IDs (38) 760 Alien Tech Used (0) 0 Bonus (3321) 3321 TOTAL SCORE: 12885 Bonus ------- High Alert Combat Kills 392 Follower Combat Kills 367 Delivered SUBCON Basin 2000 Registered with UFD 300 Met Optimus in HQ 500 Friendly Fire -238 Cogmind --------- Core Integrity 0/850 Matter 114/300 Energy 277/290 System Corruption 6% Temperature Warning (310) Movement Treading (240) Ox1 Location -6/Extension Parts ------- > --- POWER (1) -------- Reinforced Deuterium Engine > --- PROPULSION (6) --- Improved Treads Improved Treads Improved Medium Treads Compact Wheel Compact Wheel Compact Wheel > --- UTILITY (6) ------ High-capacity Storage Unit Structural Scanner Hardened Medium Armor Plating Improved Light Armor Plating Improved Light Armor Plating Layered Medium Armor Plating > --- WEAPON (2) ------- Heavy Plasma Cannon Magnetic Acceleration Cannon > --- INVENTORY (20) --- Improved Deuterium Engine Hybrid Fission Core Advanced Heat Sink Huge Storage Unit High-capacity Battery (250) Matter Compressor (250) Experimental Terrain Scanner Advanced Terrain Scan Processor ECM Suite Hacking Suite Authchip [Propulsion] Tech Extrapolator Heavy Machine Gun Remote Datajack Plasma Cutter CPS Tube (2) Ripper Vortex Trap DRS Beacon (Ready) Peak State ------------ > --- POWER ------------ Improved Deuterium Engine Reinforced Deuterium Engine > --- PROPULSION ------- Light Treads Light Treads Improved Treads Improved Medium Treads Compact Wheel Compact Wheel Compact Wheel > --- UTILITY ---------- Advanced Heat Sink High-capacity Storage Unit Targeting Computer Improved Light Armor Plating Layered Medium Armor Plating Medium Reflective Plating Tower Shield > --- WEAPON ----------- Plasma Rifle Flak Gun Heavy Machine Gun Heavy Machine Gun > --- INVENTORY -------- Huge Storage Unit High-capacity Battery Matter Compressor Structural Scanner Experimental Terrain Scanner Advanced Terrain Scan Processor ECM Suite Improved Light Armor Plating Improved Light Armor Plating Hacking Suite Authchip [Propulsion] Tech Extrapolator Heavy Plasma Cannon Magnetic Acceleration Cannon Remote Datajack Plasma Cutter CPS Tube Ripper Vortex Trap DRS Beacon [Rating: 85] Favorites ----------- Power Subdweller Power Source Engine Subdweller Power Source Power Core Fission Core Reactor Light Antimatter Reactor Propulsion Wheel Treads Light Treads Leg Flexi-carbon Leg Wheel Wheel Utility High-capacity Storage Unit Device Seismic Detector Storage High-capacity Storage Unit Processor Targeting Computer Hackware System Shield Protection Scrap Shield Weapon Makeshift Sword Energy Gun Plasma Rifle Energy Cannon Subdweller Beam Cannon Ballistic Gun Subdweller Machine Gun Ballistic Cannon Improved Light Cannon Launcher Grenade Launcher Special Weapon Mining Laser Slashing Weapon Makeshift Sword Piercing Weapon Makeshift Spear Special Melee Weapon Datajack Build | -11 -10 -10 -10 -9 -9 -6 -6 ------- Run | Yrd Mat Min Sub Rec Scr Fac Ext Slots Evolved 8 | . . . . . . 8 . Power . | . . . . . . . . Propulsion 4 | . . . . . . 4 . Utility 4 | . . . . . . 4 . Weapon . | . . . . . . . . Parts Attached 149 | 7 11 4 24 5 1 47 50 Power 14 | 1 1 . 2 2 . 4 4 Engine 10 | 1 1 . 2 2 . 2 2 Core 3 | . . . . . . 2 1 Reactor 1 | . . . . . . . 1 Propulsion 46 | 2 . . 7 1 . 17 19 Treads 18 | 2 . . 2 . . 4 10 Leg 8 | . . . . . . 2 6 Wheel 20 | . . . 5 1 . 11 3 Hover . | . . . . . . . . Flight . | . . . . . . . . Utility 46 | 1 5 . 3 1 . 18 18 Device 16 | . 1 . 1 . . 9 5 Storage 6 | 1 3 . 1 1 . . . Processor 2 | . . . . . . 1 1 Hackware 5 | . . . . . . 4 1 Protection 17 | . 1 . 1 . . 4 11 Artifact . | . . . . . . . . Weapon 43 | 3 5 4 12 1 1 8 9 Energy Gun 7 | . 3 2 . . . . 2 Energy Cannon 7 | . . . 5 . . 1 1 Ballistic Gun 13 | 3 . . 3 . . 4 3 Ballistic Cannon 6 | . . 2 . . . 3 1 Launcher 4 | . 2 . 2 . . . . Special Weapon 3 | . . . 1 . . . 2 Impact Weapon . | . . . . . . . . Slashing Weapon 1 | . . . . 1 . . . Piercing Weapon 1 | . . . 1 . . . . Special Melee Weapon 1 | . . . . . 1 . . Unidentified Prototypes 2 | . . . . . . 2 . Parts Lost 29 | . . . . . . 12 17 Power 2 | . . . . . . 1 1 Propulsion 14 | . . . . . . 7 7 Utility 8 | . . . . . . 3 5 Weapon 5 | . . . . . . 1 4 Highest Loss Streak 14 | . . . . . . 5 14 To Critical Strikes . | . . . . . . . . Average Backups 16 | 3 12 18 9 17 24 23 16 Power . | . . . . . . . . Propulsion 1 | . . . 2 3 4 . . Utility 7 | 1 3 6 2 7 10 12 10 Weapon 5 | . 8 10 4 3 5 5 1 Tool/Special . | . . . . . . . . Unused Backups 46 | . 6 1 11 . 2 12 14 Power 7 | . 1 . 2 . . 1 3 Propulsion 1 | . . 1 . . . . . Utility 20 | . 5 . 2 . 2 3 8 Weapon 14 | . . . 6 . . 7 1 Tool/Special 4 | . . . 1 . . 1 2 Average Slot Usage (%) 90 | . 99 100 86 92 92 87 87 Engine 11 | . 14 14 13 10 14 2 6 Treads 14 | . 28 28 19 . . 12 19 Wheel 14 | . . . 8 28 28 21 7 Device 6 | . 12 14 1 10 6 7 4 Storage 9 | . 14 14 5 14 14 6 5 Hackware 1 | . . . . . . 12 . Protection 4 | . 1 . 8 . . 2 16 Energy Gun 1 | . 5 5 . . . . 4 Energy Cannon 5 | . . . 17 . . 1 1 Ballistic Gun 6 | . 2 . 7 14 6 3 5 Ballistic Cannon 2 | . . 20 1 . . 2 2 Launcher 2 | . 19 1 . . . . . Slashing Weapon 4 | . . . . 13 14 3 . Special Melee Weapon 1 | . . . . . 7 . . Peak Build Rating 85 | 7 9 11 33 34 22 74 85 Average Rating 24 | 5 8 10 15 20 19 50 61 On Entrance 16 | . 7 9 11 33 19 22 33 Naked Turns . | . . . . . . . . Heaviest Build 236 | 11 54 54 217 213 210 236 144 Greatest Support 139 | 40 40 40 40 20 20 60 139 Greatest Overweight (x) 21 | . 1 1 21 10 10 14 7 Average Overweight (x) 2 | . . 1 1 3 6 3 1 Largest Inventory Capacity 35 | 8 20 20 35 35 35 35 20 Average Capacity 21 | 7 15 20 14 25 29 28 20 Most Carried 35 | 8 18 20 35 35 35 35 20 Average Carried 19 | 3 12 18 11 23 27 27 19 Final Capacity 35 | 8 20 20 35 25 35 20 20 Final Carried 35 | 8 18 19 35 25 35 20 19 Class Distribution -------------------- 26% | Scavenger-Mutant 24% | Hauler-Mutant 22% | Mutant 17% | Subdweller-Mutant 3% | Scavenger-Tank Dominant Class ---------------- Mutant | -10/Materials Mutant | -10/Mines Subdweller-Mutant | -10/Subcaves Scavenger-Mutant | -9/Recycling Hauler-Mutant | -9/Scraptown Hauler-Mutant | -6/Factory Scavenger-Mutant | -6/Extension Resources | -11 -10 -10 -10 -9 -9 -6 -6 ----------- Run | Yrd Mat Min Sub Rec Scr Fac Ext Matter Collected 6335 | 270 545 668 629 106 40 2454 1623 Remotely . | . . . . . . . . Salvage Created 6424 | 178 505 747 941 581 . 2054 1418 Parts 349 | 15 40 64 61 25 . 82 62 Haulers Intercepted 5 | . 2 . . . . 3 . Recyclers Shooed 10 | 1 1 1 . 1 . 6 . Parts Field Recycled 30 | . . . . . . 30 . Retrieved Matter 178 | . . . . . . 178 . Parts Self-Destructed 20 | . . . 20 . . . . Prevented . | . . . . . . . . Kills | -11 -10 -10 -10 -9 -9 -6 -6 ------- Run | Yrd Mat Min Sub Rec Scr Fac Ext Combat Hostiles Destroyed 86 | . 13 1 21 . . 31 20 Melee 2 | . . . . . . 1 1 Guns 24 | . . . . . . 10 14 Cannons 32 | . . 1 17 . . 10 4 AOE 25 | . 13 . 2 . . 10 . Classes Destroyed 16 | 2 6 1 4 . . 2 1 Worker 8 | . . 4 . . . 4 . Builder 22 | . 3 11 . 4 . 2 2 Tunneler 10 | 5 1 2 . . . 2 . Hauler 5 | . 2 . . . . 3 . Recycler 24 | 1 2 7 . 7 . 4 3 Operator 2 | . 1 . . . . 1 . Turret 2 | . . . 2 . . . . Watcher 5 | . 3 . . . . . 2 Swarmer 16 | . 3 . 4 . . 7 2 Grunt 38 | . 10 1 . . . 14 13 Sentry 6 | . . . 1 . . 2 3 Hunter 2 | . . . . . . 2 . Programmer 6 | . . . . . . 6 . Behemoth 2 | . . . . . . . 2 Artisan 1 | . . . 1 . . . . Subdweller 16 | . . . 16 . . . . Best Kill Streak 6 | 3 5 4 4 5 . 6 6 Combat Bots Only 5 | . 3 1 4 . . 5 4 Max Kills in Single Turn 3 | 1 3 1 1 1 . 3 2 Gunslinging 1 | . . . . . . 1 . Exploded 3 | . 3 . 1 . . 2 . Melee 1 | . . . . . . 1 1 Uniques/NPCs Destroyed . | . . . . . . . . Combat | -11 -10 -10 -10 -9 -9 -6 -6 -------- Run | Yrd Mat Min Sub Rec Scr Fac Ext Hostile Shots Fired 817 | . 15 2 161 . . 262 377 Missed 276 | . 4 1 51 . . 90 130 Hits 541 | . 11 1 110 . . 172 247 Projectile 541 | . 11 1 110 . . 172 247 Critical Strikes 3 | . . . . . . 1 2 Damage Taken 6998 | . 139 14 1224 . . 2744 2877 Core 1018 | . 17 . 151 . . 315 535 Absorbed by Shields . | . . . . . . . . Redirected to Shielding 150 | . . . . . . 81 69 Ignored by Resistances 64 | . . . . . . . 64 Core Remaining (%) 66 | 100 . . . . 32 . . Volleys Fired 415 | 25 45 52 92 3 . 109 89 Largest 4 | 2 2 2 2 1 . 2 4 Hottest 179 | 40 80 90 160 30 . 117 179 Shots Fired 772 | 50 64 104 170 3 . 185 196 Gun 350 | 50 29 32 25 3 . 65 146 Cannon 348 | . . 72 136 . . 108 32 Launcher 54 | . 35 . 4 . . 12 3 Special 20 | . . . 5 . . . 15 Kinetic 399 | 50 17 72 29 3 . 128 100 Thermal 260 | . . . 137 . . 45 78 Explosive 54 | . 35 . 4 . . 12 3 Electromagnetic 44 | . 12 32 . . . . . Robot Hit Streak 40 | 9 7 7 40 . . 10 18 Robot Miss Streak 7 | 3 3 3 5 . . 7 6 Penetration Max 1 | . . . . . . 1 . Secondary Targets 5 | . . . . . . 2 3 Max Gunslinging Chain 1 | . . . . . . 1 1 Shots Hit Robots 516 | 37 32 52 85 14 2 139 155 Core Hits 289 | 14 44 23 30 7 . 105 66 Critical Kills 4 | . . . 3 . . 1 . Critical Parts Destroyed 2 | . . . . . . 1 1 Critical Strikes 19 | . . 2 3 . . 6 8 Burn 4 | . . . . . . . 4 Meltdown 2 | . . . 2 . . . . Destroy 4 | . . . 1 . . 2 1 Blast 6 | . . 2 . . . 2 2 Sever 3 | . . . . . . 2 1 Melee Attacks 95 | . . . 6 26 2 49 12 Impact . | . . . . . . . . Slashing 87 | . . . . 26 . 49 12 Piercing 6 | . . . 6 . . . . Sneak Attacks 29 | . . . 3 12 2 11 1 Combat Hostiles . | . . . . . . . . Follow-up Attacks . | . . . . . . . . Damage Inflicted 15756 | 339 1657 1066 2405 933 . 5507 3849 Guns 4740 | 339 228 273 250 . . 1064 2586 Cannons 5210 | . . 793 1784 . . 1886 747 Explosions 3196 | . 1429 . 205 . . 1459 103 Melee 2610 | . . . 166 933 . 1098 413 Ramming . | . . . . . . . . Kinetic 5593 | 339 164 793 292 . . 2099 1906 Thermal 4711 | . . . 1742 . . 1439 1530 Explosive 2505 | . 1429 . 205 . . 871 . Electromagnetic 337 | . 64 273 . . . . . Impact . | . . . . . . . . Slashing 2444 | . . . . 933 . 1098 413 Piercing 166 | . . . 166 . . . . Highest Corruption 6 | . . . . . . 6 6 Average Corruption 4 | . . . . . . 2 6 Corruption Purged . | . . . . . . . . Corruption Blocked . | . . . . . . . . Effects 78 | . . . . . . 22 56 Message Errors 20 | . . . . . . 7 13 Matter Fused 20 | . . . . . . 7 13 Heat Flow Errors 6 | . . . . . . 1 5 Energy Discharges 12 | . . . . . . 3 9 Parts Rejected 1 | . . . . . . 1 . Data Loss (minor) 10 | . . . . . . 1 9 Data Loss (major) 4 | . . . . . . 1 3 Alerts 2 | . . . . . . . 2 Weapon Failures 3 | . . . . . . 1 2 Overload Shots . | . . . . . . . . Overflow Damage 486 | . 25 43 59 239 . 92 28 Projectiles 113 | . . 43 37 . . 5 28 Explosions 69 | . 25 . . . . 44 . Melee 304 | . . . 22 239 . 43 . Knockbacks 44 | . . 8 . . . 31 5 Impact . | . . . . . . . . Kinetic 41 | . . 8 . . . 28 5 Secondary 3 | . . . . . . 3 . Self-Inflicted Damage 204 | . 6 . . . . 198 . Shots 6 | . 1 . . . . 5 . Rammed . | . . . . . . . . Targets Rammed . | . . . . . . . . Kicked . | . . . . . . . . Crushed . | . . . . . . . . Highest Temperature 433 | . 36 150 156 . . 357 433 Average Temperature 73 | . 16 26 34 . . 93 123 Received Heat Transfer 1929 | . 66 9 408 . . 585 861 Effects 8 | . . . . . . 1 7 Shutdowns 1 | . . . . . . . 1 Energy Bleed 3 | . . . . . . 1 2 Interference 3 | . . . . . . . 3 Short Circuit 1 | . . . . . . . 1 Siege Activations . | . . . . . . . . Martial Activations . | . . . . . . . . Shielding Activations . | . . . . . . . . Robots Disrupted . | . . . . . . . . Combat Hostiles . | . . . . . . . . Robots Corrupted . | . . . . . . . . Combat Hostiles . | . . . . . . . . Parts Fried 1 | . . 1 . . . . . Impact Corruptions . | . . . . . . . . Robots Melted 3 | . . . 2 . . . 1 Combat Hostiles 3 | . . . 2 . . . 1 Parts Melted 13 | . . . 8 . . 1 4 Heat Transferred 7057 | . . . 2331 . . 1423 3303 Parts Sabotaged . | . . . . . . . . Parts Stolen . | . . . . . . . . Parts Stripped . | . . . . . . . . Power Chain Reactions . | . . . . . . . . Alert | -11 -10 -10 -10 -9 -9 -6 -6 ------- Run | Yrd Mat Min Sub Rec Scr Fac Ext Maximum Alert Level 4 | . 1 . . . . 4 2 Low Security (%) 81 | 100 96 100 . 100 . 47 82 Level 1 4 | . 3 . . . . 11 . Level 2 3 | . . . . . . 3 17 Level 3 9 | . . . . . . 34 . Level 4 1 | . . . . . . 4 . Level 5 . | . . . . . . . . High Security . | . . . . . . . . Max Security . | . . . . . . . . Peak Influence 1231 | 10 213 109 . 84 . 1231 602 Initial 602 | . . 33 . 55 . . 602 Average 173 | 1 84 19 . 23 . 424 161 Influence Increases 4286 | 30 640 282 275 291 . 1949 819 Destroy 0b10 Robot/C 1620 | . 260 120 140 . . 620 480 Destroy 0b10 Robot/NC 385 | 30 60 120 . 55 . 85 35 Destroy Leader 322 | . 60 20 . . . 178 64 Allied During Kill 76 | . . 16 . . . 13 47 Trap Triggered on 0b10 10 | . . . . . . 10 . Successful Hack 88 | . 33 . . 18 . 23 14 Select Force Hacks 330 | . 60 . . 210 . 60 . Disable Machine 450 | . 30 . . . . 390 30 Anti-Garrison Action 200 | . . . . . . 200 . Destroy Structure 355 | . 137 6 . 8 . 190 14 Partial Spotted 15 | . . . . . . 15 . Lose Combat Pursuer 435 | . . . 135 . . 165 135 Influence Decreases 4083 | 30 553 285 244 406 . 719 1846 Entered New Map 786 | . . 54 44 60 . . 628 Time Decay 2436 | 30 553 231 200 346 . 508 568 Lost Part 281 | . . . . . . 111 170 Lost Ally 280 | . . . . . . 100 180 Purge Threat 300 | . . . . . . . 300 Squads Dispatched 33 | . 2 . . . . 24 7 Investigation 17 | . 2 . . . . 12 3 Extermination 6 | . . . . . . 6 . Reinforcement 7 | . . . . . . 3 4 Assault 2 | . . . . . . 2 . Garrison 1 | . . . . . . 1 . Intercept . | . . . . . . . . Searches Triggered . | . . . . . . . . Construction Impeded 4 | . . . . . . 1 3 Haulers Reinforced . | . . . . . . . . Active Scanning Responses . | . . . . . . . . Cargo Convoy Interrupts . | . . . . . . . . Stealth | -11 -10 -10 -10 -9 -9 -6 -6 --------- Run | Yrd Mat Min Sub Rec Scr Fac Ext Distress Signals 4 | . 1 . . . . 1 2 Communications Jammed . | . . . . . . . . Distress Signals . | . . . . . . . . Times Spotted 146 | . 17 5 31 . . 53 40 Peak Tracking Total 6 | . 3 2 6 . . 5 6 Tactical Retreats 20 | . . . 4 . . 11 5 Traps | -11 -10 -10 -10 -9 -9 -6 -6 ------- Run | Yrd Mat Min Sub Rec Scr Fac Ext Traps Triggered 4 | . . . . . . 3 1 Indirectly . | . . . . . . . . Trap Hack Attempts . | . . . . . . . . Triggered . | . . . . . . . . Disarmed . | . . . . . . . . Reprogrammed . | . . . . . . . . Reused 1 | . . . . . . 1 . Traps Extracted . | . . . . . . . . Installed 1 | . . . . . . 1 . Triggered 1 | . . . . . . 1 . Most Traps Carried 2 | . . . . . 2 2 1 Machines | -11 -10 -10 -10 -9 -9 -6 -6 ---------- Run | Yrd Mat Min Sub Rec Scr Fac Ext Machines Disabled 34 | . 4 . 2 . . 26 2 Max in Single Turn 10 | . 1 . 1 . . 10 1 Garrison Access 1 | . . . . . . 1 . Energy Cycler 1 | . . . . . . . 1 Machines Repaired . | . . . . . . . . Machines Dismantled . | . . . . . . . . Machines Sabotaged . | . . . . . . . . Overloaded Fab Kills . | . . . . . . . . Hacking | -11 -10 -10 -10 -9 -9 -6 -6 --------- Run | Yrd Mat Min Sub Rec Scr Fac Ext Machines Accessed 56 | . 9 . 4 15 10 15 3 Terminals 23 | . 7 . . 6 . 7 3 Fabricators 2 | . . . . . . 2 . Repair Stations . | . . . . . . . . Recycling Units 12 | . 2 . . 7 . 3 . Scanalyzers 2 | . . . . . . 2 . Garrison Access 1 | . . . . . . 1 . Total Hacks 234 | . 25 . 16 51 71 61 10 Successful 177 | . 12 . 16 41 71 32 5 Failed 57 | . 13 . . 10 . 29 5 Catastrophic 12 | . 1 . . 1 . 8 2 Database Lockouts . | . . . . . . . . Manual 69 | . 17 . . 23 . 29 . Terminals 76 | . 23 . . 19 . 24 10 Fabricators 7 | . . . . . . 7 . Repair Stations . | . . . . . . . . Recycling Units 18 | . 2 . . 8 . 8 . Scanalyzers 19 | . . . . . . 19 . Garrison Access 3 | . . . . . . 3 . Terminal Hacks 129 | . 3 . 16 28 71 6 5 Record 100 | . . . 13 24 63 . . Part Schematic 1 | . . . . . . 1 . Robot Schematic 1 | . . . . 1 . . . Robot Analysis 10 | . . . . . 7 3 . Prototype ID Bank 3 | . 1 . . . . . 2 Open Door 2 | . . . 1 . . 1 . Branch Access Points 1 | . . . . . . 1 . Terminal Index 1 | . . . . 1 . . . Alert Level 1 | . . . . . . . 1 Unreport Threat 2 | . . . . . . . 2 Locate Traps 2 | . 2 . . . . . . Zone Layout 2 | . . . . 2 . . . Proto ID Catalog 2 | . . . 1 . 1 . . Release Object 1 | . . . 1 . . . . Fabricator Hacks 3 | . . . . . . 3 . Network Status 1 | . . . . . . 1 . Load Schematic 1 | . . . . . . 1 . Build 1 | . . . . . . 1 . Repair Station Hacks . | . . . . . . . . Recycling Unit Hacks 1 | . . . . . . 1 . Report Inventory 1 | . . . . . . 1 . Scanalyzer 14 | . . . . . . 14 . Insert Component 6 | . . . . . . 6 . Analyze 8 | . . . . . . 8 . Garrison Access Hacks . | . . . . . . . . Unauthorized Hacks 30 | . 9 . . 13 . 8 . Terminals 13 | . 7 . . 6 . . . Botnet 2 | . 1 . . 1 . . . Operators 1 | . 1 . . . . . . Skim 10 | . 5 . . 5 . . . Fabricators 1 | . . . . . . 1 . Recompile 1 | . . . . . . 1 . Repair Stations . | . . . . . . . . Recycling Units 13 | . 2 . . 7 . 4 . Recyclers 1 | . . . . . . 1 . Tunnel 9 | . 2 . . 7 . . . Fedlink 3 | . . . . . . 3 . Scanalyzers 2 | . . . . . . 2 . Extract 2 | . . . . . . 2 . Garrison Access 1 | . . . . . . 1 . Jam 1 | . . . . . . 1 . Data Cores Recovered . | . . . . . . . . Used . | . . . . . . . . Hacking Detections 25 | . 7 . . 6 . 9 3 Full Trace Events 8 | . . . . 1 . 4 3 Feedback Events . | . . . . . . . . Feedback Blocked . | . . . . . . . . Robot Schematics Acquired 1 | . . . . 1 . . . Robots Built . | . . . . . . . . Authchips . | . . . . . . . . Time . | . . . . . . . . Total Robot Build Rating . | . . . . . . . . Part Schematics Acquired 24 | . . . . . . 24 . Parts Built 1 | . . . . . . 1 . Authchips . | . . . . . . . . Time 95 | . . . . . . 95 . Total Part Build Rating 5 | . . . . . . 5 . Parts Repaired . | . . . . . . . . Time . | . . . . . . . . Parts Recycled . | . . . . . . . . Recycled Matter . | . . . . . . . . Retrieved Matter . | . . . . . . . . Retrieved Components . | . . . . . . . . Parts Scanalyzed 6 | . . . . . . 6 . Part Schematics Acquired 6 | . . . . . . 6 . Parts Damaged . | . . . . . . . . Bothacking | -11 -10 -10 -10 -9 -9 -6 -6 ------------ Run | Yrd Mat Min Sub Rec Scr Fac Ext Used RIF Installer . | . . . . . . . . Robots Hacked 4 | . . . . . 2 . 2 Non-combat . | . . . . . . . . Combat 4 | . . . . . 2 . 2 Robot Hacks Applied 4 | . . . . . 2 . 2 parse_system 4 | . . . . . 2 . 2 Relay Couplers Released . | . . . . . . . . Fabnet Peak Effective % . | . . . . . . . . Robots Rewired 7 | . . . . . . . 7 Allies Hacked . | . . . . . . . . Hacks Repelled . | . . . . . . . . Allies | -11 -10 -10 -10 -9 -9 -6 -6 -------- Run | Yrd Mat Min Sub Rec Scr Fac Ext Total Allies 16 | . . 2 . . . 5 9 Largest Group 5 | . . 2 2 . . 5 4 Highest-Rated Group 238 | . . 42 42 . . 238 120 Highest-Rated Ally 51 | . . 31 31 . . 51 39 Total Orders . | . . . . . . . . Ally Attacks 93 | . . 23 9 . . 32 29 Total Damage 1318 | . . 338 160 . . 342 478 Kills 11 | . . 5 1 . . 1 4 Allies Corrupted . | . . . . . . . . Allies Melted 1 | . . . 1 . . . . Intel | -11 -10 -10 -10 -9 -9 -6 -6 ------- Run | Yrd Mat Min Sub Rec Scr Fac Ext Active Infowar (turns) 6028 | . 1677 1725 451 2 . 1977 196 Optics 5 | . . . 3 2 . . . Structural 1551 | . . . . . . 1433 118 Seismic 4868 | . 1677 1725 448 . . 940 78 ECM 301 | . . . . . . 301 . Robot Analysis Total 10 | . . . . . 7 3 . Derelict Logs Recovered 8 | . . 1 2 . 5 . . Drone Launches . | . . . . . . . . Drone Recoveries . | . . . . . . . . Exploration | -11 -10 -10 -10 -9 -9 -6 -6 ------------- Run | Yrd Mat Min Sub Rec Scr Fac Ext Turns Passed 20177 | 252 1919 1725 5806 1553 4264 2941 1717 Spaces Moved 10784 | 109 902 614 3198 982 2414 1671 894 Core 6 | 6 . . . . . . . Treads 3860 | 103 902 614 2057 . . . 184 Legs 174 | . . . . . . . 174 Wheels 6744 | . . . 1141 982 2414 1671 536 Hover . | . . . . . . . . Flight . | . . . . . . . . Fastest Speed 50 | 50 160 240 95 80 140 96 102 Average Speed 161 | 153 179 240 163 138 173 130 138 Slowest Speed 610 | 160 240 240 610 230 230 310 320 Overloaded Moves . | . . . . . . . . Propulsion Burnouts . | . . . . . . . . Robots Hopped . | . . . . . . . . Potential Cave-ins . | . . . . . . . . Cave-ins Triggered . | . . . . . . . . Exploration Rate (%) 73 | 6 98 89 94 83 95 43 80 Regions Visited 7 Branch Regions 5 Pre-discovered Areas 17 | . 3 . 2 7 4 1 . Known Exits Taken 4 | . 1 . 1 1 . 1 . Unknown Exits Taken 3 | 1 . 1 . . 1 . . Scrap Searched 12 | . . 1 9 . 2 . . Spaces Dug 51 | . . . 2 6 . 43 . Terrain Destroyed 423 | . 163 6 26 6 . 212 10 Melee 31 | . . . . 6 . 25 . Projectile 44 | . . 6 9 . . 25 4 AOE 348 | . 163 . 17 . . 162 6 Terrain Rammed . | . . . . . . . . Walls Destroyed . | . . . . . . . . Machines Disabled . | . . . . . . . . Actions | -11 -10 -10 -10 -9 -9 -6 -6 --------- Run | Yrd Mat Min Sub Rec Scr Fac Ext Total 12712 | 148 1135 761 3595 1147 2504 2214 1208 Wait 693 | . 128 87 101 91 39 203 44 Move 10777 | 108 901 613 3197 981 2413 1670 894 Hop . | . . . . . . . . Pick Up 242 | 8 23 3 91 27 37 37 16 Fast Attach 94 | 6 . . 15 3 . 27 43 Attach 42 | . 1 . 4 1 1 21 14 Detach 10 | . . . 5 . . 3 2 Swap 117 | 1 21 4 22 4 1 47 17 Drop 169 | . 16 2 45 11 10 47 38 Fire 415 | 25 45 52 92 3 . 109 89 Melee 95 | . . . 6 26 2 49 12 Ram . | . . . . . . . . Kick . | . . . . . . . . Crush . | . . . . . . . . Escape Stasis 8 | . . . . . . . 8 Rewire 32 | . . . . . 1 . 31 Trap 1 | . . . . . . 1 . Miscellaneous 17 | . . . 17 . . . . Route ------- -11/Scrapyard -10/Materials (discovered 6 exits: *Mat x3 / *Min x2 / *Sub) -10/Mines (discovered 4 exits: *Mat x2 / [*Exi] / *Sub) -10/Subcaves (discovered 3 exits: [*Mat x2] / *Rec) -9/Recycling (discovered 2 exits: Fac / *Scr) -9/Scraptown (discovered 2 exits: *Fac x2) -6/Factory (discovered 6 exits: *Fac x2 / Low x2 / *Ext x2) -6/Extension (discovered 1 exit: *Fac) History --------- Turn | Location | Event 6 | -11/Scrapyard | Discovered new exit (range 14) 253 | -11/Scrapyard | Entered Materials 321 | -10/Materials | Build established: Mutant 581 | -10/Materials | Discovered new exit (range 13) 631 | -10/Materials | Discovered new exit (range 15) 782 | -10/Materials | Discovered new exit (range 5) 1237 | -10/Materials | Discovered new exit (range 7) 1383 | -10/Materials | Identified exit to Materials 1383 | -10/Materials | Identified exit to Mines 1383 | -10/Materials | Learned location of 1 exit from Materials 1424 | -10/Materials | Learned 4 Recycling zone layouts 1456 | -10/Materials | Learned 4 Recycling zone layouts 1492 | -10/Materials | Learned location of 3 exits from Materials 1493 | -10/Materials | Learned 2 Storage zone layouts 1519 | -10/Materials | Loaded intel: 9 trap records 2172 | -10/Materials | Entered Mines 2254 | -10/Mines | Discovered new exit (range 11) 2710 | -10/Mines | Deemed a non-threat by the Exiles lab entrance 2710 | -10/Mines | Discovered new exit (range 5) 2850 | -10/Mines | Found a Scrap Suit stashed away for nefarious purposes 2864 | -10/Mines | Discovered exit to Materials (range 10) 3174 | -10/Mines | Discovered exit to Materials (range 12) 3897 | -10/Mines | Entered Subcaves 3897 | -10/Subcaves | Accompanied by 2 allies 3898 | -10/Subcaves | Identified exit to Recycling 3902 | -10/Subcaves | Led the pair of lost Derelicts to an unsafe place 3957 | -10/Subcaves | Visited Clippyterm 3965 | -10/Subcaves | Learned Research security intel 4206 | -10/Subcaves | Learned location of Zion (-7) 4206 | -10/Subcaves | Met a Zionite searching for "candidates" 4639 | -10/Subcaves | Build established: Subdweller-Mutant 4656 | -10/Subcaves | A swath of the cavern ceiling suddenly collapsed 4753 | -10/Subcaves | Discovered new exit (range 12) 5130 | -10/Subcaves | Learned 2 Materials zone layouts 5409 | -10/Subcaves | Shifting Twisted Machinery released Shrapnel Trap 5420 | -10/Subcaves | Shifting Twisted Machinery released Sub. Monowheel 5896 | -10/Subcaves | A swath of the cavern ceiling suddenly collapsed 6906 | -10/Subcaves | Shifting Twisted Machinery released Barrage Gun 6909 | -10/Subcaves | Shifting Twisted Machinery released Sub. Monowheel 6994 | -10/Subcaves | Discovered new exit (range 12) 7031 | -10/Subcaves | Core integrity fell below 50% 7258 | -10/Subcaves | Shifting Twisted Machinery released Flamer 7329 | -10/Subcaves | Visited 4L-MR0's lab 7350 | -10/Subcaves | Found Tower Shield 7459 | -10/Subcaves | Shifting Twisted Machinery released Mak. Sword 8109 | -10/Subcaves | Build established: Hauler-Mutant 9163 | -10/Subcaves | Build established: Scavenger-Mutant 9248 | -10/Subcaves | Found SUBCON Basin 9465 | -10/Subcaves | Build established: Hauler-Mutant 9703 | -10/Subcaves | Entered Recycling 9704 | -9/Recycling | Identified exit to Factory 9704 | -9/Recycling | Identified exit to Scraptown 9855 | -9/Recycling | Scanned before Scraplab entrance 9889 | -9/Recycling | Entered Scraplab 10358 | -9/Recycling | Build established: Scavenger-Mutant 11256 | -9/Recycling | Entered Scraptown 11448 | -9/Scraptown | Visited UFD Registry 11448 | -9/Scraptown | Registered with UFD as "Bladekit" 11458 | -9/Scraptown | Visited Cave Peace 11500 | -9/Scraptown | Visited CPS Storage 11520 | -9/Scraptown | Heard Great Nut preacher, LISTEN AND RECITE! 11538 | -9/Scraptown | Visited Awakened 11580 | -9/Scraptown | Visited Cyclists 11598 | -9/Scraptown | Entered Cyclist Reading Room 11657 | -9/Scraptown | Scanned Subdweller tech in exchange for log data 11662 | -9/Scraptown | Learned location of Testing (-2) 11664 | -9/Scraptown | Learned Factory terminal intel 11665 | -9/Scraptown | Learned location of Extension (-6) 11746 | -9/Scraptown | Discovered new exit (range 9) 12127 | -9/Scraptown | Visited Fellowship of the Rings 12141 | -9/Scraptown | Visited Shadow of the Wyrm 12203 | -9/Scraptown | Visited Comm Corps 12581 | -9/Scraptown | Visited Chapter 10 12628 | -9/Scraptown | Visited Scrapoid Pod Storage 12649 | -9/Scraptown | Visited Science Guys 12747 | -9/Scraptown | Delivered Scrap Shield to a Scientist 12910 | -9/Scraptown | Visited Derelict Rescue Squad 12918 | -9/Scraptown | Found DRS Beacon 12946 | -9/Scraptown | Visited Analyses Database 12977 | -9/Scraptown | Visited Scrapoid Research Area 13010 | -9/Scraptown | Visited Infowarlord's Domain 13057 | -9/Scraptown | Visited Scrap Suit Storage 13091 | -9/Scraptown | Visited Research Penetration Think Tank 13190 | -9/Scraptown | Discovered new exit (range 5) 13388 | -9/Scraptown | Found Scrapoid Pod 13646 | -9/Scraptown | Found Exp. Terrain Scanner 13708 | -9/Scraptown | Build established: Hauler-Mutant 15398 | -9/Scraptown | Met Optimus 15398 | -9/Scraptown | Accepted into 0bPrime 15520 | -9/Scraptown | Entered Factory 15520 | -6/Factory | Evolved 8 slots: Propulsion x4, Utility x4 15521 | -6/Factory | Loaded intel: 28 terminal locations 15835 | -6/Factory | Discovered new exit (range 15) 15857 | -6/Factory | Identified exit to Factory 16045 | -6/Factory | Lost 5 parts (1p2n1u1w) 16334 | -6/Factory | Fabricated Imp. System Shield? 16777 | -6/Factory | Scrapoid Pod released 06F07-D (x5) 16884 | -6/Factory | Found Scrap Suit 16940 | -6/Factory | Lost 5 allies 17115 | -6/Factory | Spotted B-75 Beast 17167 | -6/Factory | Build established: Scavenger-Scrapper 17474 | -6/Factory | Discovered exit to Factory (range 16) 17690 | -6/Factory | Loaded intel: 8 recycling unit locations 17739 | -6/Factory | Learned location of Protoforge (-2) 17970 | -6/Factory | First assault squad dispatched 18184 | -6/Factory | Garrison activated, responded to threat 18210 | -6/Factory | Identified exit to Lower Caves 18210 | -6/Factory | Identified exit to Extension 18247 | -6/Factory | Build established: Hacker-Mutant 18370 | -6/Factory | Lost 3 parts (2n1u) 18461 | -6/Factory | Entered Extension 18530 | -6/Extension | Core integrity fell below 50% 18576 | -6/Extension | Energy Cycler disabled 18576 | -6/Extension | Rescued a captive Derelict 18576 | -6/Extension | Rescued a captive Derelict 18576 | -6/Extension | Rescued a captive Derelict 18577 | -6/Extension | Rescued a captive Derelict 18577 | -6/Extension | Rescued a captive Derelict 18578 | -6/Extension | Rescued a captive Derelict 18579 | -6/Extension | Rescued a captive Derelict 18581 | -6/Extension | Rescued a captive Derelict 18583 | -6/Extension | Core integrity fell below 20% 18589 | -6/Extension | Rescued a captive Derelict 18606 | -6/Extension | Lost 14 parts (1p5n4u4w) 18923 | -6/Extension | Build established: Scavenger-Mutant 18947 | -6/Extension | Lost 3 allies 19014 | -6/Extension | Spotted B-75 Beast 19063 | -6/Extension | Attached Tower Shield, gained temporary slots: Power, Propulsion x2, Utility x2, Weapon x2 19082 | -6/Extension | Destroyed B-75 Beast 19368 | -6/Extension | Build established: Scavenger-Tank 19541 | -6/Extension | Spotted B-75 Beast 19568 | -6/Extension | Destroyed B-75 Beast 19574 | -6/Extension | Discovered exit to Factory (range 12) 19594 | -6/Extension | Extracted ID and sensor layout for unrecognized location from A7's data core 19936 | -6/Extension | Disrupted transfer network 20032 | -6/Extension | Lost 3 allies 20058 | -6/Extension | Build established: Scavenger-Mutant 20178 | -6/Extension | Destroyed by S-27 Virus with Autogun Last Messages --------------- 20020_ Dropped Lgt. Treads. 20022_ Acquired Com. Wheel. 20025_ Critical hit (Burn: +37). 20028_ EGXWKWHFR:,ADYQ 20029_ Dropped Lgt. Treads. 20030_ Acquired Com. Wheel. 20035_ Dropped Imp. Treads. 20036_ Acquired Com. Wheel. 20041_ Acquired 4 matter. 20048_ System corrupted: Component data lost. 20067_ System corrupted: Matter fused (-8). 20105_ Discarded Targeting Computer. 20123_ System corrupted: Energy discharge (-58). 20148_ UGB45CKUZ=>VTPWIBT:T1C 20168_ C-30 ARC bursts open, deploying its payload. 20168_ S-27 Virus unfolds itself. 20168_ S-27 Virus destroyed. 20173_ System corrupted: IFF burst signal emitted. 20174_ S-27 Virus destroyed. 20177_ Destroyed VTOL Module. Map ----- +----------------------------------------------------+ | ????#=#????????????????# #???????????????? | | ????# #?????########???### #######???????????????? | | ????# #?????#/ #????#T #?????????????????????? | | ????# ####### #????## #?????????????????????? | | ????# +! #?????# #?????????????????????? | | ????# #! #?????###?????????????????????? | | ##### ^ # !#?????????????????????????????? | | ^ / #?????????????????????????????? | | ####################?????????????????????????????? | | ?????????????????????????????????????????????????? | | ?????????????????????????????????????????????????? | | ?????????????????????????????????????????????????? | | ?????????????????????????????????????????????????? | | ?????????????????????????????????????????????????? | | ?????????????????????????????????????????????????? | | ?????????????????????????????????????????????????? | | ?????????????????????????????????????????????????? | | ?????????????????????????????????????????????????? | | ?????????????????????????????????????????????????? | | ?????????????????????????????????????????????????? | | ?????????????????????????????????????????????????? | | ?????????????????????????????????????????????????? | | ?????????????????????????????????????????????????? | | #######################################??????????? | | ###############################;#######??????????? | | @ * ????? | | =%= ????? | | %% ????? | | s ?????? | | A kk k k ?????? | | ##################################;#+#####+#?????? | | #################################### #### ?????? | | ?????????????????????????????????????????????????? | | ?????????????????????????????????????????????????? | | ?????????????????????????????????????????????????? | | ?????????????????????????????????????????????????? | | ?????????????????????????????????????????????????? | | ?????????????????????????????????????????????????? | | | | | | | | | | | | | | | | | | | | | | | | | +----------------------------------------------------+ Best States ------------- Heat Dissipation 75 Energy Generation 27 Energy Capacity 480 Matter Stores 300 Matter Capacity 300 Sight Range 16 Terrain Scan Density 10 ECM Strength 1 Armor Coverage 2750 Resistance: TH 15 Propulsion Shielding 90 Phase Shifting 5 Evasion (%) 60 Targeting Accuracy 5 Recoil Reduction 6 Offensive Hacking 20 Defensive Hacking 22 Authchip Count 1 Item Schematics ----------------- Imp. Titanium Leg | -6/Factory | Extracted Humpback | -6/Factory | Scanalyzed CPS Tube | -6/Factory | Scanalyzed Remote Datajack | -6/Factory | Scanalyzed Hcp. Storage Unit | -6/Factory | Scanalyzed ECM Suite | -6/Factory | Scanalyzed Structural Scanner | -6/Factory | Scanalyzed Weight Redist. System | -6/Factory | Extracted Adv. Weight Redist. System | -6/Factory | Extracted Imp. Particle Charger | -6/Factory | Extracted Mni. Assault Cannon | -6/Factory | Extracted Arm. Leg | -6/Factory | Extracted Adv. Terrain Scanner | -6/Factory | Extracted Lrg. Storage Unit | -6/Factory | Extracted Adv. Sensor Array | -6/Factory | Extracted Scythe | -6/Factory | Extracted Melee Analysis Suite | -6/Factory | Extracted Hvy. Plasma Cannon | -6/Factory | Extracted Imp. Grenade Launcher | -6/Factory | Extracted Great Axe | -6/Factory | Extracted Stasis Canceller | -6/Factory | Extracted Imp. Trap Scanner | -6/Factory | Extracted Hpw. Shock Rifle | -6/Factory | Extracted Arm. Treads | -6/Factory | Hacked Robot Schematics ------------------ O-16 Technician | -9/Recycling | Hacked Fabricated ------------ Imp. System Shield | x1 | -6/Factory | Preloaded Repaired ---------- Nothing Alien Tech Used ----------------- None Achievements -------------- None Challenges ------------ None Game ------ Seed GammaDecoyBlade Manual? 0 Play Time 02:21:50 Cumulative 291.6 hours Start 2025.06.08 @ 15:28:59 End 2025.06.08 @ 23:38:50 Sessions 3 Manual Loads 0 Difficulty Rogue Special Mode None Game No. 149 Rogue 149 Adventurer 0 Explorer 0 Win Type - Total 1 Types 0/0/0/0/1/0/0/0/0/0 Lore% 74 Gallery% 75 Achievement% 64 Wizard Run 0 Options --------- Layout 0 ASCII 0 Keyboard 0 Movement Mouse Keybinds 0 Fullscreen 1 Font 24/Smallcaps Map View 183x50 Zoom Use 0% Tactical HUD 1 Map Filters NONE Filters NONE Steam 0 RUN: ec50deeb-e1d5-4ae9-95e2-32f1b4e06e79